Map: Overgrowth LE (Void)

Players

mooninette - Winner!

  • Race: Zerg Zerg
  • League: Diamond
  • Spawn Location: 1:00

ReeKo

  • Race: Terran Terran
  • League: Diamond
  • Spawn Location: 7:00

VOD

Have the link to the VOD?

Description

Time

  • Played on: Jan. 6, 2017, 8:28 a.m.
  • Length: 11:19
Show
View Real Time Build Order
Export as new Build Order

mooninette Zerg - Winner!

Build Orders: Hatch First, Muta Ling Bane 

Get SALT Encoding   

  12  0:01  Drone  
  13  0:13  Overlord  
  13  0:18  Drone  
  14  0:31  Drone x2  
  14  0:35  Drone  
  17  0:53  Hatchery  
  17  0:56  Drone  
  17  1:08  Spawning Pool  
  16  1:11  Drone  
  17  1:19  Drone  
  17  1:20  Extractor  
  17  1:22  Drone  
  18  1:29  Drone  
  19  1:41  Overlord  
  19  1:56  Queen  
  19  1:57  Zergling x2  
  23  2:01  Zergling x2  
  23  2:06  Queen  
  23  2:07  Drone  
  26  2:12  Drone  
  27  2:17  Drone  
  28  2:22  Metabolic Boost  
  28  2:31  Drone  
  28  2:32  Queen  
  31  2:38  Drone  
  32  2:54  Queen  
  32  2:55  Drone  
  32  2:56  Overlord  
  35  3:00  Drone  
  36  3:05  Overlord  
  36  3:14  Queen, Overlord  
  38  3:20  Drone x2  
  38  3:24  Drone x3  
  43  3:40  Drone x2  
  43  3:41  Drone x4  
  48  3:44  Extractor  
  48  3:48  Drone x2  
  50  3:56  Hatchery  
  50  3:58  Drone x2  
  50  3:59  Drone  
  51  4:05  Zergling x2  
  51  4:06  Zergling x4  
  53  4:10  Extractor  
  53  4:14  Queen  
  53  4:17  Overlord  
  54  4:21  Lair  
  54  4:24  Drone x2  
  54  4:25  Drone  
  54  4:26  Evolution Chamber  
  54  4:27  Evolution Chamber  
  54  4:28  Drone, Extractor  
  54  4:30  Drone  
  56  4:40  Zergling x10  
  61  4:49  Drone  
  63  4:52  Drone  
  63  4:53  Drone  
  63  4:54  Zergling x6  
  67  5:01  Baneling Nest  
  67  5:04  Zergling x2  
  67  5:09  Overlord x4  
  67  5:12  Zerg Melee Weapons Level 1  
  67  5:19  Queen  
  67  5:20  Overlord  
  69  5:32  Zerg Ground Armor Level 1  
  69  5:37  Drone x6  
  69  5:38  Drone  
  69  5:40  Drone  
  77  5:44  Queen  
  77  6:05  Drone  
  77  6:06  Drone x10  
  88  6:12  Centrifical Hooks  
  88  6:14  Baneling x5  
  88  6:15  Baneling x3  
  88  6:22  Extractor  
  87  6:28  Zergling x2  
  87  6:29  Zergling x14  
  95  6:41  Drone x3  
  95  6:42  Spire  
  95  6:43  Overlord x2  
  95  6:45  Zergling x6  
  100  7:00  Drone  
  100  7:01  Drone, Extractor  
  101  7:03  Drone x2  
  101  7:05  Baneling x4  
  101  7:06  Baneling x2  
  101  7:07  Zerg Melee Weapons Level 2  
  91  7:21  Zergling x2  
  91  7:22  Zergling x24  
  99  7:32  Zerg Ground Armor Level 2  
  99  7:33  Overlord x3  
  99  7:46  Hatchery  
  81  8:08  Mutalisk x11  
  81  8:09  Mutalisk, Hatchery  
  104  8:12  Burrow  
  104  8:13  Zergling x6  
  104  8:19  Zergling x4  
  110  8:20  Zergling x6  
  112  8:27  Zerg Flyer Weapons Level 1  
  112  8:34  Baneling  
  112  8:35  Baneling x5  
  112  8:38  Zergling x4  
  112  8:39  Zergling x8  
  118  8:51  Drone  
  118  8:52  Drone x3, Infestation Pit  
  121  9:27  Zergling x2  
  121  9:28  Zergling x18  
  121  9:30  Baneling  
  131  9:31  Baneling x13  
  131  9:32  Hive  
  131  9:34  Drone  
  131  9:35  Drone x14  
  146  9:38  Extractor  
  146  9:40  Extractor  
  144  9:50  Zergling x2  
  144  9:51  Zergling x14  
  152  10:01  Zergling x4  
  152  10:02  Zergling x10  
  159  10:07  Overlord  
  159  10:09  Pneumatized Carapace  
  147  10:22  Zergling x2  
  147  10:23  Zergling x24  
  147  10:54  Zergling x6  
  147  10:55  Zergling x24  
  147  11:07  Ultralisk Cavern  
Show
View Real Time Build Order
Export as new Build Order

ReeKo Terran 

Build Orders: Reaper Expand, Bio Tank 

Get SALT Encoding   

  12  0:00  SCV  
  13  0:12  SCV  
  14  0:17  Supply Depot  
  14  0:24  SCV  
  15  0:39  SCV  
  15  0:40  Barracks  
  16  0:44  Refinery  
  16  0:51  SCV  
  17  1:03  SCV  
  18  1:15  SCV  
  19  1:28  Reaper, Orbital Command  
  20  1:45  Command Center  
  20  1:53  SCV  
  21  1:57  Supply Depot  
  21  2:05  SCV  
  21  2:06  Barracks Reactor  
  22  2:16  Barracks  
  22  2:18  SCV  
  23  2:30  SCV  
  24  2:42  SCV  
  24  2:43  Marine x2  
  27  2:54  SCV  
  28  2:58  Orbital Command  
  28  3:00  Bunker  
  28  3:02  Marine x2  
  28  3:03  Barracks Tech Lab  
  30  3:06  SCV  
  30  3:09  Factory  
  30  3:12  Refinery  
  31  3:18  SCV  
  32  3:25  SCV  
  32  3:26  Marine x3  
  36  3:29  Stimpack  
  36  3:34  SCV  
  37  3:43  SCV  
  37  3:44  Marine x3  
  37  3:47  Supply Depot, SCV  
  42  3:55  SCV  
  43  3:56  Starport  
  43  3:57  Refinery  
  43  3:59  SCV, Factory Reactor  
  44  4:03  Marine x2  
  44  4:09  Marine  
  47  4:10  Supply Depot  
  47  4:14  SCV  
  47  4:15  SCV  
  49  4:21  Marine  
  50  4:25  Barracks  
  50  4:27  Supply Depot, SCV  
  50  4:31  Marine x2  
  53  4:32  SCV  
  54  4:38  Marine  
  54  4:42  SCV  
  54  4:43  Factory Tech Lab, Supply Depot  
  54  4:44  SCV  
  54  4:45  Medivac x2  
  61  4:51  Marine x2  
  63  4:54  SCV  
  63  4:57  Supply Depot  
  63  4:59  Supply Depot  
  64  5:02  SCV  
  64  5:03  Marine  
  65  5:08  SCV  
  70  5:14  Siege Tank, SCV  
  70  5:15  Barracks Reactor  
  70  5:23  SCV  
  70  5:24  Marine x2  
  70  5:25  Marine  
  70  5:26  SCV  
  75  5:29  Command Center  
  75  5:32  Combat Shields  
  75  5:38  Medivac  
  75  5:42  Marine x3  
  80  5:51  Siege Tank  
  80  5:55  Marine x2  
  85  6:00  Marine x3  
  79  6:09  SCV  
  80  6:13  Marine x2  
  80  6:14  Barracks  
  80  6:16  Barracks  
  82  6:18  Barracks  
  82  6:19  SCV  
  82  6:22  Engineering Bay  
  82  6:23  Supply Depot  
  83  6:26  Marine x2, SCV  
  83  6:28  Engineering Bay  
  86  6:34  Medivac x2  
  86  6:36  SCV  
  86  6:38  SCV  
  92  6:42  Siege Tank  
  92  6:45  Orbital Command  
  95  6:47  Marine x2  
  95  6:54  Barracks  
  97  6:55  Barracks  
  97  6:57  Barracks  
  97  7:00  Marine x3  
  95  7:22  Siege Tank  
  84  7:23  Medivac  
  86  7:38  Orbital Command  
  86  7:42  Missile Turret  
  86  7:52  Supply Depot  
  86  7:53  Supply Depot  
  86  7:54  Supply Depot  
  86  7:55  Refinery  
  86  7:56  Supply Depot x2, Missile Turret  
  75  7:59  Missile Turret  
  75  8:00  Marine, Refinery  
  75  8:01  Marine x2  
  75  8:02  Marine x2  
  75  8:03  Medivac  
  71  8:10  Barracks Reactor, Barracks Tech Lab x2  
  71  8:16  SCV x3  
  74  8:22  Marine  
  74  8:23  Marine x3  
  78  8:28  SCV x2  
  80  8:34  Marine x3  
  80  8:37  Siege Tank  
  80  8:40  Marine x2  
  88  8:41  Factory  
  88  8:47  Terran Infantry Weapons Level 1, Terran Infantry Armor Level 1  
  88  8:54  Marine x5  
  93  8:57  Marine  
  93  8:59  Marine x3  
  97  9:12  Marine x3  
  97  9:13  Marine  
  97  9:14  Marine  
  97  9:16  Marine  
  96  9:28  Marine x2, Refinery  
  96  9:29  Marine  
  96  9:30  Marine  
  96  9:31  Marine  
  101  9:32  Marine  
  101  9:34  Marine  
  101  9:36  Barracks Reactor  
  101  9:37  Siege Tank  
  105  9:39  Factory Tech Lab  
  105  9:40  SCV  
  105  9:43  Missile Turret  
  106  9:46  Marine x2, Medivac x2  
  106  9:47  Marine x2  
  114  9:55  Missile Turret  
  114  9:59  Missile Turret  
  114  10:03  Command Center  
  114  10:13  Marine  
  114  10:14  Marine x2  
  115  10:16  Missile Turret  
  115  10:19  Marine x2, Missile Turret  
  115  10:20  Marine x3, Siege Tank  
  91  10:21  Marine  
  78  10:31  Marine x2, SCV  
  78  10:32  Marine  
  82  10:37  Marine  
  82  10:38  Siege Tank  
  74  10:51  Missile Turret  
  74  10:53  Marine x3  
  64  11:15  Armory  
Tags
 
Add a new tag
Caveats
  • Supply blocks, unpowered buildings, or Contaminate may cause inaccurate times.
  • Supply counts are checked every 10 seconds.